AoeStats
← MH@B5

Arena

505434406Analyzed
2v2 RM · 24d ago on Sep 9, 2026· 76m 52s· 4 players
Game mode
Random Map
Map size
Medium (4 player)
Population
200
Speed
Normal
Resources
Standard
Victory
Conquest
Starting age
Dark Age
Ending age
Imperial Age
RankedLock teamsTeams togetherTeam positionsShared explorationLock speedFull tech treeHidden civsTurbo modeCheats
Victory
Defeat
🇩🇪 Sicilians · Germany
1168
+17
🇩🇪 Huns · Germany
1164
+17
🇩🇪 Bengalis · Germany
1243
-20
🇩🇪 Lithuanians · Germany
1127
-14
FunMeh
10:41 Feudal Age
14:32 Castle Age
13:05 Horse Collar
13:12 Double-Bit Axe
16:08 Bow Saw
17:38 Heavy Plow
20:27 Wheelbarrow
mad_gunman
10:43 Feudal Age
14:28 Castle Age
12:46 Double-Bit Axe
13:21 Horse Collar
19:45 Loom
20:41 Wheelbarrow
22:44 Pikeman
23:25 Squires
23:27 Scale Mail Armor
23:38 Forging
24:08 Gold Mining
24:32 Bow Saw
24:27 Heavy Plow
25:31 Chain Mail Armor
26:22 Stone Mining
27:32 Iron Casting
31:18 Gold Shaft Mining
31:51 Arson
35:24 Imperial Age
33:32 Ballistics
33:23 Masonry
34:38 Iron Casting
34:10 Scale Barding Armor
34:44 Hand Cart
34:15 Town Watch
35:35 Bloodlines
35:26 Husbandry
34:47 Light Cavalry
35:19 Fletching
35:47 Onager
35:50 Halberdier
37:02 Plate Mail Armor
37:38 Conscription
38:11 Bodkin Arrow
39:06 Crop Rotation
39:19 Siege Engineers
40:15 Chemistry
41:02 Bracer
42:03 Blast Furnace
41:54 Stone Shaft Mining
43:06 Chain Barding Armor
42:33 Siege Onager
43:30 Man-at-Arms
43:55 Gambesons
44:13 Padded Archer Armor
44:25 Long Swordsman
46:13 Leather Archer Armor
46:33 Plate Barding Armor
49:46 Two-Handed Swordsman
50:32 Champion
53:38 Murder Holes
54:09 Hauberk
54:21 Cavalier
58:01 First Crusade
57:16 Elite Serjeant
60:24 Capped Ram
64:06 Siege Ram
66:00 Town Patrol
78:00 Hoardings
MH@B5
8:22 Loom
10:34 Feudal Age
12:00 Double-Bit Axe
17:02 Castle Age
16:08 Bloodlines
15:45 Horse Collar
17:24 Wheelbarrow
20:14 Bow Saw
20:11 Heavy Plow
23:25 Husbandry
23:45 Scale Barding Armor
23:51 Forging
25:18 Light Cavalry
33:53 Chain Barding Armor
34:09 Iron Casting
38:51 Elite Skirmisher
39:27 Fletching
39:38 Padded Archer Armor
41:21 Bodkin Arrow
41:41 Leather Archer Armor
41:41 Thumb Ring
46:03 Imperial Age
43:20 Town Watch
48:51 Winged Hussar
67:02 Conscription
A.D.L.313
6:59 Loom
8:12 Loom
10:34 Feudal Age
15:14 Castle Age
13:17 Double-Bit Axe
13:31 Horse Collar
15:15 Gold Mining
17:55 Scale Barding Armor
18:50 Forging
24:43 Wheelbarrow
32:52 Stone Mining
33:37 Gold Shaft Mining
36:07 Hand Cart
35:37 Town Watch
40:06 Imperial Age
37:54 Bow Saw
38:04 Fletching
38:15 Padded Archer Armor
37:46 Crossbowman
37:47 Elite Skirmisher
38:50 Heavy Plow
40:09 Town Watch
40:42 Hand Cart
40:42 Arbalester
42:49 Bodkin Arrow
43:22 Conscription
43:43 Bracer
44:12 Ballistics
46:00 Elite Ratha (Ranged)
47:05 Chain Barding Armor
47:21 Iron Casting
48:45 Two-Man Saw
48:32 Squires
48:17 Gambesons
47:53 Man-at-Arms
48:19 Arson
48:36 Scale Mail Armor
50:07 Chemistry
49:16 Long Swordsman
50:16 Chain Mail Armor
51:02 Blast Furnace
50:07 Long Swordsman
51:21 Leather Archer Armor
50:42 Two-Handed Swordsman
51:24 Champion
56:02 Town Patrol
59:38 Ring Archer Armor
60:18 Caravan
67:16 Guilds
69:46 Plate Barding Armor
69:35 Paiks
68:57 Siege Elephant
Connection lost

Rejoining the realm…

Still unreachable

The connection could not be restored.

Session expired

The server has moved on; the page needs a fresh start.